 Dungeon Crawl Stone Soup version 0.29.0-4-gdea44cf6ec (webtiles) character file.

Game seed: 2844309331239673363

14086 112233 the Thaumaturge (level 11, -7/53 HPs)
             Began as a Felid Conjurer on Aug 26, 2022.
             Was a High Priest of Sif Muna.
             Killed from afar by a rime drake (25 damage)
             ... with a flash freeze
             ... on level 4 of the Lair of Beasts.
             The game lasted 00:44:21 (26212 turns).

112233 the Thaumaturge (Felid Conjurer)            Turns: 26212, Time: 00:44:22

Health: -7/53      AC:  6    Str:  3    XL:     11   Next: 84%
Magic:  23/36      EV: 23    Int: 22    God:    Sif Muna [*****.]
Gold:   844        SH:  0    Dex: 15    Spells: 6/33 levels left
                                        Lives:  0   Deaths: 3

rFire   . . .      SeeInvis +     - Unarmed
rCold   . . .      Faith    +   (shield unavailable)
rNeg    . . .      Spirit   .   (body armour unavailable)
rPois   .          Reflect  .   (helmet unavailable)
rElec   .          Harm     .   (cloak unavailable)
rCorr   .          Rampage  .   (gloves unavailable)
Will    +....                   (boots unavailable)
Stlth   ++........              y - amulet of faith
HPRegen 0.17/turn               p - +4 ring of protection
MPRegen 0.25/turn               F - ring of magical power

@: about to teleport, slowed, slow
A: very small, claws 1, fangs 3, see invisible, speed 1, shaggy fur 2, stealthy
paws, no weapons or thrown items, no armour, multi-lived, dopey 1, robust 1
a: Renounce Religion, Channel Magic, Forget Spell, Divine Exegesis


You were on level 4 of the Lair of Beasts.
You worshipped Sif Muna.
Sif Muna was extremely pleased with you.
You visited 2 branches of the dungeon, and saw 16 of its levels.

You collected 983 gold pieces.
You spent 139 gold pieces at shops.

Inventory:

Jewellery
 p - a +4 ring of protection (left paw)
 w - a ring of protection from fire
 y - an amulet of faith (around neck)
 A - a ring of resist corrosion
 C - an amulet of the acrobat
 F - a ring of magical power (right paw)
Wands
 l - a wand of roots (7)
 G - a wand of charming (4)
 I - a wand of flame (21)
Scrolls
 b - 5 scrolls of teleportation
 f - 3 scrolls of immolation
 h - a scroll of brand weapon
 i - 2 scrolls of magic mapping
 j - a scroll of noise
 n - 3 scrolls of blinking
 q - 2 scrolls of vulnerability
 s - 2 scrolls of amnesia
 x - 2 scrolls of butterflies
 B - 2 scrolls of fear {unknown}
 D - 2 scrolls of enchant armour
 H - 2 scrolls of poison
Potions
 a - 2 potions of magic
 c - 2 potions of cancellation {unknown}
 d - 2 potions of lignification {unknown}
 e - 2 potions of mutation
 g - 2 potions of attraction {unknown}
 k - 5 potions of curing
 m - a potion of haste {unknown}
 o - 3 potions of degeneration {unknown}
 r - 3 potions of ambrosia {unknown}
 t - 4 potions of brilliance {unknown}
 u - a potion of berserk rage {unknown}
 v - a potion of resistance {unknown}
 z - 5 potions of might {unknown}
 E - 2 potions of flight {unknown}
 J - 2 potions of invisibility {unknown}


   Skills:
 + Level 6.6 Fighting
 * Level 11.2 Dodging
 - Level 2.6 Stealth
 + Level 4.5 Unarmed Combat
 * Level 11.5 Spellcasting
 - Level 4.6 Conjurations
 - Level 10.0 Translocations
 * Level 6.2 Transmutations
 * Level 5.1 Air Magic


You had 6 spell levels left.
You knew the following spells:

 Your Spells              Type           Power      Damage    Failure   Level
a - Magic Dart            Conj           100%       1d8       1%          1
b - Searing Ray           Conj           66%        2d6       1%          2
c - Blink                 Tloc           100%       N/A       1%          2
d - Iskenderun's Mystic   Conj/Tloc      45%        2d10      2%          4
e - Manifold Assault      Tloc           54%        N/A       2%          5
f - Storm Form            Tmut/Air       18%        N/A       99%         7
g - Irradiate             Conj/Tmut      18%        3d17      16%         5
h - Apportation           Tloc           100%       N/A       1%          1

Your spell library contained the following spells:

 Spells                   Type           Power      Damage    Failure   Level
 Beastly Appendage        Tmut           80%        N/A       1%          1
 Sting                    Tmut/Pois      100%       1d8       1%          1
 Static Discharge         Conj/Air       34%        3-8/arc   1%          2
 Wereblood                Tmut           40%        N/A       1%          2
 Passwall                 Tmut/Erth      21%        N/A       2%          2
 Poisonous Vapours        Pois/Air       48%        N/A       2%          2
 Spider Form              Tmut/Pois      26%        N/A       4%          3
 Freeze                   Ice            48%        1d7       5%          1
 Necrotise                Necr           48%        1d6       5%          1
 Summon Small Mammal      Summ           48%        N/A       5%          1
 Dazzling Flash           Conj/Hex       46%        N/A       6%          3
 Stone Arrow              Conj/Erth      46%        3d9       6%          3
 Sublimation of Blood     Necr           12%        N/A       8%          2
 Blade Hands              Tmut           20%        N/A       11%         5
 Petrify                  Tmut/Erth      26%        N/A       14%         4
 Frozen Ramparts          Ice            24%        1d4       16%         3
 Fulminant Prism          Conj/Hex       11%        3d9       21%         4
 Hailstorm                Conj/Ice       23%        3d7       21%         4
 Sticky Flame             Conj/Fire      23%        2d4       21%         4
 Alistair's Intoxication  Tmut/Pois      17%        N/A       36%         5
 Anguish                  Hex/Necr       6%         N/A       45%         4
 Dispel Undead            Necr           12%        3d9       45%         4
 Leda's Liquefaction      Hex/Erth       6%         N/A       45%         4
 Olgreb's Toxic Radiance  Pois           12%        N/A       45%         4
 Borgnjor's Vile Clutch   Necr/Erth      6%         N/A       82%         5
 Eringya's Noxious Bog    Tmut/Pois      13%        N/A       91%         6
 Dragon Form              Tmut           20%        N/A       98%         7
 Enfeeble                 Hex            6%         N/A       100%        7
 Summon Hydra             Summ           6%         N/A       100%        7
 Lehudib's Crystal Spear  Conj/Erth      11%        10d4      100%        8


Dungeon Overview and Level Annotations

Branches:
Dungeon (12/15)            Temple (0/1) D:6            Lair (4/5) D:9
  Swamp (0/4) Lair:2       Spider (0/4) Lair:2
  Slime: Lair:4-5       Orc: D:9-12

Altars:
Cheibriados
Dithmenos
Elyvilon
Fedhas
Gozag
Hepliaklqana
Kikubaaqudgha
Nemelex Xobeh
Okawaru
Qazlal
Sif Muna
Uskayaw
Xom
Yredelemnul
Zin

Shops:
D:9 *   D:12 =

Annotations:
D:3 exclusion: downstairs
D:5 3 runed translucent doors, 112233's ghost, weakling FeDe
Lair:4 Kirke


Innate Abilities, Weirdness & Mutations

You have sharp claws.
You have razor-sharp teeth.
You have supernaturally acute eyesight. (SInv)
You cover ground quickly. (Speed+)
You are covered in thick fur. (AC +2)
Your paws help you pounce on unaware monsters.
You are incapable of wielding weapons or throwing items.
You cannot wear armour.
You gain extra lives every three experience levels.
You are dopey. (Int -2)
You are robust. (+10% HP)


Message History

The wolf completely misses you. The wolf closely misses you.
The wolf bites you. The wolf misses you.
The black bear bites you but does no damage.
The black bear misses you. The black bear closely misses you.
Unknown command.
Casting: Iskenderun's Mystic Blast (dangerous; 2% risk of failure)
Confirm with . or Enter, or press ? or * to list all spells.
You erupt in a blast of force!
The mystic blast hits the wolf!
The wolf is heavily wounded.
The wolf is knocked back by the mystic blast.
The mystic blast hits the black bear!
You kill the black bear!
Sif Muna accepts your kill.
The mystic blast hits the wolf!
The wolf is heavily wounded.
The mystic blast hits the wolf but does no damage.
The wolf closely misses you. x2; The wolf bites you but does no damage.
The wolf barely misses you. The wolf closely misses you.
The wolf misses you. x2
The wolf bites you. The wolf completely misses you.
The rime drake breathes ice at you. The flash freeze hits you!!
You are encased in ice.
The wolf barely misses you. The wolf misses you. The wolf bites you.
Kirke closely misses you. The wolf misses you.
The rime drake completely misses you. The wolf bites you.
Blink to where?
Press: ? - help, Dir - move target
Found a long sword.
As you read the scroll of blinking, it crumbles to dust.
As you read the scroll of teleportation, it crumbles to dust.
You feel strangely unstable. The ice encasing you melts away.
The rime drake breathes ice at you. The flash freeze misses you.
The flash freeze hits the fungus!!
The fungus begins to die.
The fungus is flash-frozen.
Kirke casts a spell.
Kirke summons a manticore!
The rime drake breathes ice at you. The flash freeze hits you!!
You die...

..........# ..........### .
...........). .. ............
... ..........#.. .. .......#
#. #....## .####.#P@...#
..... ...........#.... #....
.......#....# .
#.....#......P...+... .##
#.....##.h#.P....#### ..#
#.....#..#k##......### ..##
.........hh.......#..####...#
........Hh................PP#
.......@...................#


You could see a manticore (summoned), a hog, a rime drake (catching breath) and
3 wolves.

Vanquished Creatures
  Pikel (D:6)
  A black mamba (Lair:3)
  2 cane toads
  A torpor snail (Lair:3)
  3 rime drakes
  2 komodo dragons (Lair:2)
  2 polar bears (Lair:3)
  3 trolls (D:9)
  4 blink frogs (Lair:3)
  Sigmund (D:3)
  A jumping spider (Lair:2)
  14 yaks
  A shadow (D:12)
  3 wraiths
  5 hogs
  Grum (D:9)
  3 wyverns
  3 basilisks
  Edmund (D:5)
  An acid dragon (D:9)
  6 vampire mosquitoes
  8 water moccasins
  5 orc warriors
  4 sky beasts
  4 ice beasts
  2 black bears
  19 wolves
  3 ogres
  4 centaurs
  A phantom (D:5)
  A lemure (D:6)
  A kobold brigand (D:9)
  Blork the orc (D:4)
  3 gnoll sergeants
  2 necrophages
  13 bullfrogs
  5 scorpions
  6 wights
  10 killer bees
  2 electric eels
  7 orc priests
  5 hounds
  2 gnoll boudas (D:9)
  2 jellies
  8 orc wizards
  10 gnolls
  13 adders
  A shadow imp (D:6)
  3 white imps
  2 ufetubi
  2 worms
  2 dart slugs (D:1)
  29 orcs
  5 ball pythons
  6 endoplasms
  6 giant cockroaches
  7 goblins
  6 hobgoblins
  8 jackals
  4 kobolds
  6 quokkas
  6 bats
  3 frilled lizards
  9 rats
  A butterfly (Lair:1)
306 creatures vanquished.

Vanquished Creatures (others)
  A wraith (D:12)
  20 fungi
  38 plants
59 creatures vanquished.

Grand Total: 365 creatures vanquished

Notes
Turn   | Place    | Note
-------+----------+-------------------------------------------
     0 | D:1      | 112233 the Felid Conjurer began the quest for the Orb.
     0 | D:1      | Reached XP level 1. HP: 7/7 MP: 4/4
   672 | D:1      | Reached XP level 2. HP: 11/11 MP: 1/6
   783 | D:1      | Learned a level 2 spell: Searing Ray
   960 | D:1      | Learned a level 2 spell: Blink
  1612 | D:2      | Reached XP level 3. HP: 14/14 MP: 4/8
  2007 | D:2      | Found a faded altar of an unknown god.
  2275 | D:2      | Reached XP level 4. HP: 18/18 MP: 8/10
  2832 | D:3      | Learned a level 4 spell: Iskenderun's Mystic Blast
  3093 | D:3      | Noticed a +0 short sword
  3093 | D:3      | Noticed a +0 dagger
  3094 | D:3      | Noticed a +0 spear
  3104 | D:3      | Noticed a +0 spear
  3104 | D:3      | Noticed a +0 short sword
  3104 | D:3      | Noticed a +0 falchion
  3104 | D:3      | Noticed a +0 falchion
  3104 | D:3      | Noticed a +0 dagger
  3106 | D:3      | Found a hide-covered altar of Uskayaw.
  3116 | D:3      | Noticed Sigmund
  3178 | D:4      | Noticed a scorpion
  3636 | D:3      | Found a glowing silver altar of Zin.
  4029 | D:4      | Reached XP level 5. HP: 11/21 MP: 0/12
  4349 | D:3      | Found a shimmering altar of Xom.
  4390 | D:3      | Found a blossoming altar of Fedhas.
  4493 | D:3      | Identified the +9 rapier of Iceew {spect, rCorr Int+4}
  4623 | D:4      | Noticed Blork the orc
  4674 | D:4      | Reached skill level 5 in Spellcasting
  4674 | D:4      | Reached skill level 1 in Translocations
  4687 | D:4      | Slain by Blork the orc
  4688 | D:4      | Reached XP level 4. HP: -1/18 MP: 9/12
  4834 | D:4      | Killed Blork the orc
  4835 | D:4      | Reached XP level 5. HP: 21/21 MP: 5/13
  4960 | D:4      | Gained mutation: You are covered in thick fur. (AC +2)
                  | [Felid growth]
  4960 | D:4      | Reached XP level 6. HP: 17/24 MP: 5/15
  5248 | D:4      | Found a stormy altar of Qazlal.
  5248 | D:4      | Found a hazy altar of Hepliaklqana.
  5256 | D:4      | Found a snail-covered altar of Cheibriados.
  5259 | D:4      | Found a shadowy altar of Dithmenos.
  5261 | D:4      | Found an ancient bone altar of Kikubaaqudgha.
  5358 | D:4      | Noticed a sky beast
  5369 | D:4      | Killed a sky beast
  6016 | D:3      | Killed Sigmund
  6017 | D:3      | Reached skill level 5 in Translocations
  6017 | D:3      | Reached XP level 7. HP: 27/27 MP: 9/18
  6184 | D:3      | Found a shimmering blue altar of Sif Muna.
  6193 | D:3      | Became a worshipper of Sif Muna the Loreminder
  6395 | D:5      | Entered Level 5 of the Dungeon
  6405 | D:5      | HP: 1/26 [necrophage (7)]
  6405 | D:5      | Slain by a necrophage
  6406 | D:5      | Reached XP level 6. HP: -1/22 MP: 5/16
  6418 | D:5      | Learned a level 5 spell: Manifold Assault
  6457 | D:5      | Noticed Edmund
  7090 | D:5      | Found a runed translucent gate.
  7104 | D:5      | Reached XP level 7. HP: 27/27 MP: 9/18
  7181 | D:5      | Found a runed translucent gate.
  7182 | D:5      | Found a runed translucent gate.
  7184 | D:5      | Noticed 112233's ghost (weakling FeDe)
  7400 | D:6      | Found a staircase to the Ecumenical Temple.
  7527 | D:6      | Reached skill level 1 in Fighting
  7885 | D:7      | Reached * piety under Sif Muna
  8360 | D:6      | Reached XP level 8. HP: 33/33 MP: 15/21
  8653 | D:6      | Noticed Pikel
  8666 | D:6      | Killed Pikel
  8667 | D:6      | Reached skill level 5 in Dodging
  8866 | D:6      | Found an iron altar of Okawaru.
  9375 | D:6      | Found a sparkling altar of Nemelex Xobeh.
  9481 | D:5      | Killed Edmund
  9482 | D:5      | Reached XP level 9. HP: 20/38 MP: 2/22
  9740 | D:5      | Learned a level 7 spell: Storm Form
 10608 | D:7      | Reached skill level 1 in Transmutations
 10834 | D:7      | Reached skill level 1 in Air Magic
 10901 | D:7      | Found an opulent altar of Gozag.
 10929 | D:7      | Got the Incunable of Changing
 11003 | D:7      | Gained mutation: You are dopey. (Int -2) [potion of
                  | mutation]
 11003 | D:7      | Gained mutation: You are robust. (+10% HP) [potion of
                  | mutation]
 11346 | D:7      | Found a white marble altar of Elyvilon.
 12121 | D:8      | Reached ** piety under Sif Muna
 12440 | D:9      | Found Yfucudic's Assorted Antiques.
 12492 | D:9      | Bought a scroll of teleportation for 87 gold pieces
 12492 | D:9      | Bought a viscous dark potion for 26 gold pieces
 12492 | D:9      | Bought a cyan potion for 26 gold pieces
 12511 | D:10     | Entered Level 10 of the Dungeon
 12656 | D:9      | Noticed Grum
 12983 | D:9      | Found a staircase to the Lair.
 13072 | D:9      | Reached XP level 10. HP: 40/47 MP: 7/24
 14072 | D:8      | Got the Dissertation on Terra Firma
 14607 | D:9      | Reached skill level 1 in Unarmed Combat
 15071 | D:10     | Reached skill level 10 in Spellcasting
 15342 | D:10     | Reached *** piety under Sif Muna
 16060 | D:10     | Reached skill level 5 in Fighting
 16874 | D:8      | Learned a level 5 spell: Irradiate
 16969 | D:9      | Killed Grum
 17389 | D:9      | Found a basalt altar of Yredelemnul.
 19575 | D:11     | Noticed a cyclops
 19596 | D:12     | Found Jaregargh's Jewellery Emporium.
 19604 | D:12     | Noticed a cyclops
 19606 | D:12     | Slain by a vampire mosquito
 19607 | D:12     | Reached XP level 9. HP: -5/44 MP: 9/24
 19646 | D:12     | Reached XP level 10. HP: 47/48 MP: 12/25
 19651 | D:12     | Reached skill level 10 in Translocations
 20108 | Lair:1   | Entered Level 1 of the Lair of Beasts
 20938 | Lair:1   | Noticed a cane toad
 20943 | Lair:1   | Killed a cane toad
 21099 | Lair:1   | Noticed a black mamba
 21588 | Lair:2   | Found a staircase to the Swamp.
 21622 | Lair:2   | Reached **** piety under Sif Muna
 22480 | Lair:1   | You fall into a shaft and drop 1 floor!
 22499 | Lair:2   | Found a hole to the Spider Nest.
 22527 | Lair:2   | Reached skill level 5 in Transmutations
 22997 | Lair:3   | Reached XP level 11. HP: 45/52 MP: 25/26
 23005 | Lair:3   | Noticed a death yak
 23006 | Lair:3   | Noticed a death yak
 23007 | Lair:3   | Noticed a death yak
 23186 | Lair:3   | Reached skill level 10 in Dodging
 23330 | Lair:3   | HP: 1/52 [rime drake/flash freeze (28)]
 24151 | Lair:3   | Noticed a boulder beetle
 24151 | Lair:3   | Noticed a five-headed hydra
 24325 | Lair:3   | Reached ***** piety under Sif Muna
 24664 | Lair:3   | Noticed a death yak
 25414 | Lair:3   | Reached skill level 5 in Air Magic
 25999 | Lair:3   | Received a gift from Sif Muna
 26004 | Lair:3   | Learned a level 1 spell: Apportation
 26114 | Lair:3   | Noticed a four-headed hydra
 26204 | Lair:4   | Noticed Kirke
 26212 | Lair:4   | Killed from afar by a rime drake

Illustrated notes

Levels and vault maps discovered:
D:1:      sevenhm_arrival_forest_fort_small_5, layout_loops_corners
D:2:      layout_loops_cross, shapermc_ecumenical_altar_hornbeckon
D:3:      layout_rooms, zin_academy, mainiacjoe_overflow_alcove_2,
          lemuel_coloured_pillars_altar, fedhas_altar_3,
          nicolae_uskayaw_en_pointe, grunt_decor_clamped, grunt_ministairs_3,
          nicolae_elevator_lobby_asterisk, uniq_sigmund
D:4:      layout_loops_ring, chequers_temple_overflow_minitemple,
          uniq_blork_the_orc
D:5:      layout_basic, ebering_ghost_rock_garden, gup_sewer_entry_pipe,
          uniq_edmund
D:6:      layout_basic, marbit_many_paths, okawaru_ov_weapons_minmay,
          temple_pool_b, uniq_pikel
D:7:      layout_gridville, old_standard_altar, nicolae_elyvilon_temple_path,
          minmay_manual_mandibuliform
D:8:      layout_rooms
D:9:      minmay_razor_zed, layout_cave_pools, mainiacjoe_overflow_24_doors,
          erik_lair_island, serial_shops, shop, kennysheep_doodads, uniq_grum
D:10:     layout_cave_pods, hangedman_decor_push, hangedman_decor_growths,
          minivault_1, grunt_ogre_cave
D:11:     layout_basic, ebering_ghost_gozag, nicolae_ashenzari_panopticon
D:12:     layout_loops_corners, orc_0_dummy, serial_shops, nicolae_diamond_shop,
          uniq_sonja
Lair:1:   layout_cave_pods, lemuel_fruit_fields
Lair:2:   layout_cave_pods, swamp_mist_pool, spider_nest_entry_rubble
Lair:3:   layout_small_grid, minmay_shattered_shrine, serial_bayou_shore_a
Lair:4:   layout_regular_city, minmay_slime_entry_jelly_boxes, uniq_kirke

Skill      XL: |  1  2  3  4  5  6  7  8  9 10 11 |
---------------+----------------------------------+-----
Conjurations   | 4 |  4.6
Spellcasting   | 3 4 5 7 8 9 10 11 | 11.5
Translocations | 2 3 6 8 9 10 | 10.0
Fighting       | 2 3 4 5 6 |  6.6
Dodging        | 4 5 6 9 11 | 11.2
Transmutations | 2 5 6 |  6.2
Air Magic      | 2 4 5 |  5.1
Unarmed Combat | 3 4 |  4.5
Stealth        | |  2.6

Action                   |  1- 3 |  4- 6 |  7- 9 | 10-12 || total
-------------------------+-------+-------+-------+-------++-------
Melee: Unarmed           |     7 |     6 |     3 |    27 ||    43
       Bite              |     1 |     1 |       |     2 ||     4
       Punch             |       |       |       |     1 ||     1
 Cast: Magic Dart        |    75 |    79 |    87 |   114 ||   355
       Searing Ray       |     1 |    34 |    69 |    80 ||   184
       Blink             |       |     1 |     2 |     6 ||     9
       Iskenderun's Myst |       |       |    31 |   205 ||   236
       Manifold Assault  |       |       |     2 |     9 ||    11
Evoke: Wand              |       |       |     9 |    30 ||    39
  Use: Scroll            |       |       |     6 |    11 ||    17
       Potion            |       |       |     3 |     3 ||     6
 Stab: Sleeping          |       |     3 |       |       ||     3
Armor: Skin              |       |     1 |     4 |    18 ||    23
Dodge: Dodged            |     5 |    33 |    81 |   259 ||   378
